[Event "Championnat de France Alpe d'Huez 2023 "]
[Site "ALPE D'HUEZ, France"]
[Date "2023.08.26"]
[Round "8.2"]
[White "LUCAS, Arthur"]
[Black "DUBOUE, Peio"]
[Result "0-1"]
[ECO "D02"]
[WhiteElo "2312"]
[BlackElo "2453"]
[PlyCount "100"]
[EventDate "2023.08.??"]
[TimeControl "1/40+30:0"]

1. Nf3 {462} d5 {42} 2. d4 {19} Nf6 {6} 3. Bf4 {21} c5 {64} 4. e3 {13} Nc6 {98}
5. Nbd2 {33} cxd4 {41} 6. exd4 {5} Bf5 {5} 7. Bb5 {42} Qa5 {1186} 8. a4 {899}
a6 {509} 9. Bxc6+ {512} bxc6 {3} 10. O-O {6} e6 {85} 11. Ne5 {361} Qb6 {116}
12. Nb3 {285} h6 {612} 13. c4 {351} dxc4 {66} 14. Nxc4 {84} Qa7 {898} 15. Nd6+
{828} Bxd6 {4} 16. Bxd6 {3} Kd7 {245} 17. Bc5 {330} Qc7 {42} 18. Nd2 {48} Ne4 {
493} 19. Nc4 {855} Nxc5 {4} 20. dxc5+ {3} Ke7 {3} 21. Qd4 {174} f6 {3} 22. Nd6
{39} Rhd8 {10} 23. Rfe1 {259} Kf8 {54} 24. Qc4 {343} a5 {151} 25. g4 {52} Bh7 {
24} 26. Qxe6 {29} Rab8 {311} 27. Re2 {98} Bg8 {182} 28. Qe3 {21} Qd7 {65} 29.
f3 {91} Rb3 {51} 30. Qf4 {33} Bd5 {20} 31. Ra3 {31} Rxa3 {86} 32. bxa3 {21} Kg8
{43} 33. Kf2 {39} Qa7 {38} 34. Qe3 {30} Rb8 {9} 35. Ne4 {30} Bxe4 {50} 36. fxe4
{20} Re8 {21} 37. Qd4 {35} Re5 {62} 38. Rc2 {17} Qe7 {30} 39. Kf3 {17} Kh7 {115
} 40. Qd6 {57} Qf7 {59} 41. Qd3 {98} Qe7 {45} 42. Qd6 {5} Qb7 {13} 43. Qd3 {357
} Qb1 {49} 44. Kg2 {299} Qe1 {107} 45. Rc4 {21} h5 {718} 46. h3 {210} Qh4 {170}
47. Qg3 {238} Qg5 {30} 48. Qf3 {41} Qd2+ {44} 49. Kf1 {114} Rg5 {467} 50. gxh5
{598} Qh2 {75} 0-1

[Event "Championnat de France Alpe d'Huez 2023 "]
[Site "ALPE D'HUEZ, France"]
[Date "2023.08.26"]
[Round "8.3"]
[White "VLACHOS, Anatole"]
[Black "PIGEAT, Alexandre"]
[Result "1/2-1/2"]
[ECO "C15"]
[WhiteElo "2436"]
[BlackElo "2301"]
[PlyCount "64"]
[EventDate "2023.08.??"]
[TimeControl "1/40+30:0"]

1. e4 {0} e6 {18} 2. d4 {5} d5 {10} 3. Nc3 {4} Bb4 {60} 4. Nge2 {8} dxe4 {179}
5. a3 {6} Be7 {59} 6. Nxe4 {7} Bd7 {82} 7. Be3 {92} Bc6 {38} 8. N2c3 {103} Nf6
{63} 9. Nxf6+ {307} Bxf6 {40} 10. Qd3 {40} Nd7 {199} 11. O-O-O {90} Nb6 {117}
12. Ne4 {139} Be7 {500} 13. f3 {235} Nd5 {47} 14. Bd2 {37} b5 {140} 15. h4 {936
} h6 {460} 16. g4 {409} Qd7 {377} 17. Be2 {289} Nb6 {150} 18. Qc3 {470} Qd5 {
181} 19. Kb1 {244} a5 {129} 20. Nc5 {72} b4 {296} 21. Qb3 {335} Qxb3 {718} 22.
cxb3 {67} Bd5 {220} 23. axb4 {125} axb4 {13} 24. Kc2 {211} Nd7 {210} 25. Nxd7 {
232} Kxd7 {6} 26. g5 {126} h5 {128} 27. Ra1 {181} Rhc8 {96} 28. Rxa8 {241} Rxa8
{102} 29. Rc1 {25} g6 {523} 30. Be3 {165} Bd6 {36} 31. Bd3 {70} Ra5 {261} 32.
Be4 {179} Ra6 {210} 1/2-1/2

[Event "Championnat de France Alpe d'Huez 2023 "]
[Site "ALPE D'HUEZ, France"]
[Date "2023.08.26"]
[Round "8.4"]
[White "VIEL, Simon"]
[Black "DI NICOLANTONIO, Lucas"]
[Result "1/2-1/2"]
[ECO "C07"]
[WhiteElo "2275"]
[BlackElo "2383"]
[PlyCount "157"]
[EventDate "2023.08.??"]
[TimeControl "1/40+30:0"]

1. e4 {4} e6 {57} 2. d4 {34} d5 {6} 3. Nd2 {17} c5 {20} 4. Ngf3 {41} cxd4 {27}
5. Nxd4 {11} Nc6 {27} 6. Bb5 {18} Bd7 {15} 7. Nxc6 {15} bxc6 {5} 8. Bd3 {44}
Bd6 {26} 9. Qe2 {33} e5 {45} 10. exd5 {98} cxd5 {38} 11. c4 {11} Ne7 {118} 12.
cxd5 {146} Nxd5 {98} 13. Be4 {16} Nf4 {16} 14. Qa6 {29} Bc5 {36} 15. O-O {126}
Rb8 {488} 16. Nb3 {155} Bb6 {12} 17. Bxf4 {128} exf4 {6} 18. Rad1 {59} O-O {19}
19. Bxh7+ {140} Kxh7 {13} 20. Qd3+ {5} Kg8 {5} 21. Qxd7 {9} Qf6 {22} 22. Qd6 {
156} Qxb2 {563} 23. Rd2 {205} Qf6 {60} 24. Qxf6 {83} gxf6 {5} 25. Re1 {1069}
Rfd8 {746} 26. Kf1 {656} Rxd2 {120} 27. Nxd2 {6} Ba5 {366} 28. Rb1 {55} Rc8 {19
} 29. Nb3 {363} Bb4 {247} 30. Rc1 {1376} Re8 {5} 31. Nd4 {46} Kg7 {238} 32. Nc6
{196} Rc8 {64} 33. Ke2 {139} Bd6 {77} 34. Kf3 {118} Rc7 {297} 35. Rc2 {27} Rb7
{57} 36. Rd2 {210} Ba3 {137} 37. Rd5 {245} Rc7 {232} 38. Ra5 {224} Bd6 {7} 39.
Nd4 {81} Rc3+ {53} 40. Ke4 {199} Be5 {1267} 41. Ne2 {826} Rc4+ {1314} 42. Kf3 {
199} Bb8 {134} 43. Ra3 {100} Kg6 {84} 44. Kg4 {163} f5+ {229} 45. Kf3 {50} Kg5
{53} 46. Ra6 {283} Rc2 {228} 47. Ra4 {145} Rd2 {49} 48. h4+ {11} Kxh4 {43} 49.
Nxf4 {157} Bxf4 {125} 50. Rxf4+ {5} Kg5 {5} 51. Ra4 {12} Rd7 {21} 52. Kg3 {71}
f6 {25} 53. Ra5 {36} Kg6 {23} 54. Kf4 {50} Rd4+ {9} 55. Ke3 {40} Rd7 {8} 56.
Ra4 {69} Kg5 {29} 57. Rc4 {53} Rd5 {79} 58. a4 {56} Rd7 {140} 59. Rc5 {24} Kg6
{52} 60. f3 {33} Rd6 {64} 61. Ra5 {45} Rd7 {5} 62. Kf4 {28} Rd4+ {5} 63. Kg3 {
22} Rd7 {15} 64. Rb5 {20} Rd4 {27} 65. a5 {21} Ra4 {40} 66. Rc5 {42} Ra2 {34}
67. Kf4 {50} Ra3 {48} 68. Rb5 {16} Ra2 {42} 69. Ke3 {39} Ra4 {329} 70. Rd5 {33}
f4+ {39} 71. Kf2 {9} Ra2+ {6} 72. Kg1 {48} Ra3 {188} 73. Kh2 {15} Ra1 {10} 74.
Rc5 {20} Ra2 {99} 75. Kh3 {6} Kh6 {13} 76. Kg4 {92} Rxg2+ {5} 77. Kxf4 {4} Rg5
{137} 78. Rxg5 {50} fxg5+ {5} 79. Ke4 {58} 1/2-1/2